Map: Orbital Shipyard

Players

Hanuman - Winner!

  • Race: Zerg Zerg

A.I. 1 (Easy)

  • Race: Zerg Zerg

VOD

Have the link to the VOD?

Description

Time

  • Played on: Feb. 2, 2016, 2:33 p.m.
  • Length: 5:55
Show
View Real Time Build Order
Export as new Build Order

Hanuman Zerg - Winner!

Build Orders: Hatch First 

Get SALT Encoding   

  12  0:01  Drone  
  13  0:12  Overlord  
  13  0:21  Drone  
  14  0:30  Drone x2  
  14  0:34  Drone  
  17  0:53  Hatchery  
  17  0:56  Drone  
  17  1:15  Spawning Pool  
  17  1:18  Drone  
  17  1:20  Drone  
  17  1:21  Drone  
  17  1:25  Extractor  
  18  1:56  Overlord  
  18  2:01  Queen  
  18  2:05  Queen  
  22  2:11  Zergling x2  
  23  2:20  Drone x2  
  23  2:21  Drone x2  
  27  2:24  Extractor  
  26  2:47  Drone x4  
  30  2:56  Evolution Chamber  
  29  3:00  Zergling x6  
  31  3:16  Roach Warren  
  31  3:27  Zergling x10  
  31  3:28  Overlord x3  
  35  3:56  Roach x6  
  35  4:01  Drone x4  
  51  4:10  Lair  
  51  4:38  Roach x4  
  57  4:41  Overlord x2  
  59  4:47  Overlord  
  56  5:10  Zergling x12  
Show
View Real Time Build Order
Export as new Build Order

A.I. 1 (Easy) Zerg 

Build Orders: Pool Only 

Get SALT Encoding   

  12  0:00  Drone  
  13  0:12  Overlord  
  13  0:17  Drone  
  14  0:30  Drone  
  14  0:34  Drone  
  16  0:43  Spawning Pool  
  16  0:45  Extractor  
  16  0:46  Drone  
  15  0:51  Drone  
  16  0:58  Overlord  
  16  1:31  Zergling x2, Queen  
  19  1:33  Roach Warren  
  19  1:35  Extractor  
  19  1:36  Drone  
  18  1:41  Drone  
  19  1:54  Zergling x2  
  20  2:04  Overlord  
  20  2:17  Roach  
  22  2:32  Drone  
  23  2:38  Drone  
  23  2:40  Roach  
  26  2:48  Overlord  
  26  2:53  Drone  
  26  2:57  Drone  
  28  3:01  Drone  
  29  3:09  Drone  
  29  3:10  Roach  
  32  3:32  Roach  
  36  3:55  Roach  
  36  5:03  Zergling x2  
  25  5:26  Zergling x2  
  25  5:27  Drone  
  25  5:32  Drone  
  21  5:36  Drone  
  21  5:40  Drone  
Tags
 
Add a new tag
Caveats
  • Supply blocks, unpowered buildings, or Contaminate may cause inaccurate times.
  • Supply counts are checked every 10 seconds.